 Dungeon Crawl Stone Soup version 0.24.0-123-gd5b16e6ec5 (webtiles) character file.

Game seed: 3652251812565579549, levelgen mode: deterministic

33956 Keppet the Grappler (level 13, -15/120 HPs)
             Began as a Troll Monk on Jan 25, 2020.
             Was a High Priest of Makhleb.
             Demolished by Rupert
             ... wielding a +0 battleaxe of venom
              (22 damage)
             ... on level 4 of the Lair of Beasts.
             The game lasted 01:35:49 (20665 turns).

Keppet the Grappler (Troll Monk)                   Turns: 20665, Time: 01:35:49

Health: -15/120    AC: 16    Str: 22    XL:     13   Next: 39%
Magic:  10/16      EV: 10    Int:  9    God:    Makhleb [*****.]
Gold:   1371       SH: 11    Dex: 14    Spells: 10/12 levels left

rFire    + + +     SeeInvis .     - Unarmed
rCold    x . .     Gourm    +   C - +0 shield
rNeg     . . .     Faith    .   g - +1 fire dragon scales of Modesty {+Fly rF++ rC- Stlth+}
rPois    .         Spirit   .   M - +2 hat {Int+3}
rElec    +         Reflect  .   (no cloak)
rCorr    .         Harm     .   (gloves unavailable)
MR       +....                  (boots unavailable)
Stlth    ..........             r - amulet of rage
HPRegen  0.70/turn              l - ring "Xidyhe" {rElec rF+ Str-2 Stlth-}
MPRegen  0.15/turn              A - ring of protection from magic

@: lethally poisoned (-15 -> -15), swift (expiring), very slightly contaminated,
quick
A: large, unfitting armour, claws 3, fast metabolism 3, gourmand, regeneration
1, shaggy fur 1, tough skin 3
a: Minor Destruction, Lesser Servant of Makhleb, Major Destruction, Greater
Servant of Makhleb, Renounce Religion, Evoke Berserk Rage, Evoke Flight


You were on level 4 of the Lair of Beasts.
You worshipped Makhleb.
Makhleb was extremely pleased with you.
You were near starving.

You visited 3 branches of the dungeon, and saw 19 of its levels.
You also visited: Gauntlet.

You collected 1371 gold pieces.

Inventory:

Missiles
 d - 24 poisoned darts
 j - 21 javelins
 x - 2 throwing nets
 J - 4 silver javelins
 L - 2 silver boomerangs (quivered)
 U - 13 boomerangs
Armour
 g - the +1 fire dragon scales of Modesty (worn) {+Fly rF++ rC- Stlth+}
   (You found it in a Gauntlet)

   It greatly protects you from fire.
   It makes you vulnerable to cold.
   It lets you fly.
   It makes you more stealthy.
 C - a +0 shield (worn)
 E - a +0 large shield
 M - a +2 hat of intelligence (worn)
 S - a +2 robe of the Archmagi
Magical Staves
 z - an uncursed staff of conjuration
Jewellery
 l - the ring "Xidyhe" (left claw) {rElec rF+ Str-2 Stlth-}
   (You found it on level 4 of the Dungeon)

   [ring of strength]

   It affects your strength (-2).
   It protects you from fire.
   It insulates you from electricity.
   It makes you less stealthy.
 r - an amulet of rage (around neck)
 t - an uncursed ring of flight
 w - an uncursed ring of protection from fire
 A - a ring of protection from magic (right claw)
 I - an uncursed ring of stealth
 N - an uncursed ring of fire
Wands
 a - a wand of disintegration (8)
 n - a wand of polymorph (6)
 u - a wand of paralysis (8)
 B - a wand of acid (16)
 H - a wand of enslavement (6)
 V - a wand of digging (5)
 W - a wand of iceblast (10)
Scrolls
 e - 2 scrolls of magic mapping
 h - 11 scrolls of remove curse
 i - a scroll of blinking
 p - 3 scrolls of identify
 y - 7 scrolls of teleportation
 F - 2 scrolls of amnesia
 G - a scroll of random uselessness {unknown}
 P - a scroll of immolation {unknown}
 Q - a scroll of noise {unknown}
 R - 2 scrolls of fear {unknown}
 T - a scroll of holy word {unknown}
Potions
 c - 3 potions of brilliance
 f - 2 potions of curing
 k - 3 potions of cancellation
 m - 2 potions of lignification
 o - 2 potions of berserk rage
 q - a potion of haste {unknown}
 s - 3 potions of mutation
 v - a potion of might
 O - 2 potions of flight
Miscellaneous
 K - a lamp of fire
 X - a lightning rod (4/4)
Comestibles
 b - 26 rations


   Skills:
 + Level 6.1 Fighting
 - Level 2.1 Throwing
 * Level 4.4 Armour
 - Level 6.0 Dodging
 - Level 1.0 Stealth
 - Level 9.1 Shields
 + Level 12.0 Unarmed Combat
 - Level 5.5 Charms
 - Level 5.5 Air Magic
 + Level 5.4 Invocations


You had 10 spell levels left.
You knew the following spells:

 Your Spells              Type           Power        Failure   Level  Hunger
a - Swiftness             Chrm/Air       #.......     21%         2    ###....

Your spell library contained the following spells:

 Spells                   Type           Power        Failure   Level  Hunger
 Shock                    Conj/Air       #...         38%         1    ##.....
 Summon Butterflies       Summ           #.......     77%         1    ##.....
 Static Discharge         Conj/Air       #.......     77%         3    ####...
 Airstrike                Air            ##........   78%         4    #####..
 Call Canine Familiar     Summ           #.......     98%         3    ####...
 Summon Lightning Spire   Summ/Air       #.......     99%         4    #####..
 Summon Ice Beast         Ice/Summ       #.......     100%        4    #####..
 Lightning Bolt           Conj/Air       #.........   100%        5    ######.
 Silence                  Hex/Air        #.........   100%        5    ######.
 Summon Mana Viper        Hex/Summ       #.......     100%        5    ######.
 Conjure Ball Lightning   Conj/Air       #.........   100%        6    #######
 Deflect Missiles         Chrm/Air       #.........   100%        6    #######
 Summon Hydra             Summ           #.........   100%        7    #######
 Tornado                  Air            ##........   100%        9    #######


Dungeon Overview and Level Annotations

Branches:
Dungeon (13/15)            Temple (0/1) D:6            Lair (4/6) D:9
  Swamp (0/4) Lair:3       Spider (0/4) Lair:4          Orc (2/2) D:12
Gauntlet (visited)
    Elf: Orc:2       Vaults: D:13-14

Altars:
Ashenzari
Dithmenos
Fedhas
Gozag
Hepliaklqana
Kikubaaqudgha
Makhleb
Nemelex Xobeh
Ru
Sif Muna
Trog
Xom
Yredelemnul
The Shining One
Beogh

Shops:
D:5 *   D:7 :(!%}   D:9 *   D:10 :

Annotations:
D:10 2 transporters, MisterT's ghost, journeyman DDFi
Lair:3 1 runed translucent door, Rausur's ghost, journeyman MiBe
Lair:4 Rupert
Orc:1 1 runed translucent door


Innate Abilities, Weirdness & Mutations

You are too large for most types of armour.
You have claws for hands.
Your metabolism is lightning-fast.
You like to eat raw meat.
Your natural rate of healing is unusually fast.
You are covered in fur. (AC +1)
You have extremely tough skin. (AC +3)


Message History

Casting: Swiftness (safe; 21% risk of failure)
Confirm with . or Enter, or press ? or * to list all spells.
You miscast Swiftness.
You are near starving!
You feel sick. Rupert barely misses you.
Casting: Swiftness (safe; 21% risk of failure)
Confirm with . or Enter, or press ? or * to list all spells.
You feel quick. You block Rupert's attack.
You feel sick.
You feel sick.
Rupert rages.
Rupert rages.
You feel sick.
There is a stone staircase leading up, spattered with blood here.
You see here a jumping spider corpse.
You feel sick. Rupert closely misses you.
You start to feel a little slower.
A demon appears!
You feel sick.
Rupert hits you with a +0 battleaxe of venom!!
You die...

####........# #.+.##..##
###.....#.##
#####.P....+P..### #######
#.##.............#
##.#.#s###.#.............##
#.#.#.#.##.#...........(.##
#°###.###.#..#..†.∩........#
≈s○ ##.#....@@†<..........##
..≈s>
#.#...3..P.............#
#..≈..
##^#....##............##
#####.
####.#.##............## ##
#^##.###.##.##.P#P..# #^#
### #####.######## ## ###


You could see Rupert (berserk) and a friendly ynoxinul.

Vanquished Creatures
  Gastronok (D:11)
  A minotaur (Gauntlet)
  A fire dragon (Lair:1)
  A death ooze (Gauntlet)
  2 two-headed ogres
  5 skeletal warriors (D:12)
  An obsidian statue (Gauntlet)
  2 orc knights (Orc:1)
  3 orc sorcerers
  2 ugly things
  A centaur zombie (D:12)
  5 elephants
  A centaur skeleton (D:10)
  A black mamba (Lair:3)
  2 gargoyles
  3 spiny frogs
  A rime drake (Lair:2)
  An efreet (Gauntlet)
  2 trolls
  4 jumping spiders (Lair:4)
  9 blink frogs (Lair:1)
  2 bog bodies
  4 hippogriffs
  4 redbacks (Lair:4)
  2 wraiths
  2 fire elementals (Gauntlet)
  A basilisk (Lair:2)
  A human (D:9)
  12 yaks
  A vampire mosquito (D:5)
  A hungry ghost (D:12)
  2 hell hounds (Gauntlet)
  7 water moccasins
  10 orc warriors
  2 porcupines
  2 black bears
  4 ice beasts
  2 sky beasts
  A sky beast (shapeshifter) (D:13)
  3 phantoms
  6 wolves (Lair:2)
  2 centaurs
  7 ogres
  2 necrophages
  4 crocodiles
  11 bullfrogs
  A big kobold (D:9)
  A wyvern zombie (D:9)
  6 scorpions
  A water moccasin skeleton (D:9)
  The ghost of brucemayne the Chopper, a weakling HOMo (D:5)
  11 killer bees
  8 wights
  2 howler monkeys
  7 crimson imps
  A lava snake (Lair:1)
  3 bullfrog zombies
  3 bullfrog skeletons
  5 jellies
  3 human zombies (D:8)
  A gnoll shaman (D:6)
  12 orc priests
  9 hounds
  15 orc wizards
  Ijyb (D:3)
  A human skeleton (D:8)
  7 iguanas
  Natasha (thrice) (D:3)
  10 worker ants
  6 mummies (D:8)
  9 gnolls
  14 adders
  3 howler monkey skeletons
  6 shadow imps
  An ooze (D:1)
  An adder skeleton (D:10)
  An adder zombie (D:6)
  4 worms
  6 leopard geckos
  51 orcs
  3 ball pythons
  6 giant cockroaches
  3 goblins
  10 hobgoblins
  20 jackals
  4 quokkas
  5 bats
  3 frilled lizards
  13 kobolds
  An orc zombie (D:8)
  9 rats
  A fungus (D:1)
436 creatures vanquished.

Vanquished Creatures (collateral kills)
  A hydra (Lair:3)
  A two-headed ogre (D:10)
  Urug (D:10)
  Sonja (Lair:3)
  A yak (Lair:2)
  A butterfly (Lair:2)
6 creatures vanquished.

Vanquished Creatures (others)
  2 plants
  5 toadstools (D:1)
  2 withered plants (Gauntlet)
9 creatures vanquished.

Grand Total: 451 creatures vanquished

Notes
Turn   | Place    | Note
-------+----------+-------------------------------------------
     0 | D:1      | Keppet the Troll Monk began the quest for the Orb.
     0 | D:1      | Reached XP level 1. HP: 22/22 MP: 0/0
   174 | D:1      | Reached XP level 2. HP: 28/29 MP: 1/1
   460 | D:1      | Reached skill level 4 in Unarmed Combat
   493 | D:1      | Reached XP level 3. HP: 36/36 MP: 2/2
   929 | D:2      | Found a shattered altar of Ashenzari.
  1153 | D:2      | Reached XP level 4. HP: 38/44 MP: 3/3
  1246 | D:2      | Found a sparkling altar of Nemelex Xobeh.
  1336 | D:2      | Reached skill level 5 in Unarmed Combat
  1847 | D:3      | Found a burning altar of Makhleb.
  1865 | D:3      | Became a worshipper of Makhleb the Destroyer
  1865 | D:3      | Reached * piety under Makhleb
  1865 | D:3      | Reached ** piety under Makhleb
  1888 | D:3      | Noticed Natasha
  1893 | D:3      | Killed Natasha
  1911 | D:3      | Noticed Natasha
  1918 | D:3      | Killed Natasha
  1918 | D:3      | Reached XP level 5. HP: 50/50 MP: 4/4
  1948 | D:3      | Noticed Ijyb
  1958 | D:3      | Killed Ijyb
  1958 | D:3      | Reached skill level 6 in Unarmed Combat
  2000 | D:3      | Noticed Natasha
  2005 | D:3      | Killed Natasha
  2038 | D:3      | Reached skill level 1 in Armour
  2232 | D:4      | Found a bloodstained altar of Trog.
  2236 | D:4      | Found a sacrificial altar of Ru.
  2336 | D:4      | Reached XP level 6. HP: 53/59 MP: 5/5
  2351 | D:4      | Got a scintillating brass ring
  2352 | D:4      | Identified the cursed ring "Xidyhe" {rElec rF+ Str-2
                  | Stlth-} (You found it on level 4 of the Dungeon)
  2423 | D:4      | Found a shimmering altar of Xom.
  2427 | D:4      | Reached skill level 7 in Unarmed Combat
  2484 | D:4      | Found a blossoming altar of Fedhas.
  2485 | D:4      | Found an ancient bone altar of Kikubaaqudgha.
  2556 | D:4      | Noticed a hippogriff
  2566 | D:4      | Reached XP level 7. HP: 66/66 MP: 6/6
  2577 | D:4      | Killed a hippogriff
  2577 | D:4      | Reached skill level 8 in Unarmed Combat
  3163 | D:5      | Entered Level 5 of the Dungeon
  3184 | D:5      | Found Akkoyr's General Store.
  3214 | D:5      | Reached XP level 8. HP: 65/74 MP: 7/7
  3469 | D:5      | Found a runed translucent gate.
  3469 | D:5      | Found a runed translucent gate.
  3471 | D:5      | Found a runed translucent gate.
  3471 | D:5      | Found an opulent altar of Gozag.
  3474 | D:5      | Noticed brucemayne's ghost (weakling HOMo)
  3653 | D:5      | Reached skill level 9 in Unarmed Combat
  3672 | D:5      | Reached *** piety under Makhleb
  3748 | D:5      | Found a shadowy altar of Dithmenos.
  4140 | D:5      | Reached skill level 1 in Invocations
  4631 | D:5      | Reached skill level 10 in Unarmed Combat
  4862 | D:6      | Found a staircase to the Ecumenical Temple.
  5226 | D:6      | Reached XP level 9. HP: 62/80 MP: 8/10
  5285 | D:6      | Learned a level 2 spell: Swiftness
  5307 | D:6      | You fall into a shaft and drop 2 floors!
  5498 | D:6      | Reached **** piety under Makhleb
  5895 | D:7      | Found Empice Dofa's Book Shoppe.
  6019 | D:7      | Found Kuugoa's Gadget Boutique.
  6054 | D:7      | Found Ylium's Food Boutique.
  6063 | D:7      | Reached skill level 1 in Shields
  6135 | D:7      | Found a shimmering blue altar of Sif Muna.
  6157 | D:7      | Found Ojet's Distillery.
  6235 | D:7      | Found Jiesk's Weapon Shoppe.
  6847 | D:8      | Found a shimmering altar of Xom.
  6955 | D:8      | Found a basalt altar of Yredelemnul.
  7002 | D:8      | Found a hazy altar of Hepliaklqana.
  7156 | D:8      | Found a shimmering altar of Xom.
  7156 | D:8      | Found a shimmering altar of Xom.
  7180 | D:8      | Found a shimmering altar of Xom.
  7300 | D:9      | Noticed a troll
  7310 | D:9      | Killed a troll
  7310 | D:9      | Reached skill level 5 in Shields
  7520 | D:9      | Found a staircase to the Lair.
  7545 | D:9      | Reached ***** piety under Makhleb
  7559 | D:9      | Found a glowing golden altar of the Shining One.
  7574 | D:9      | Reached XP level 10. HP: 86/86 MP: 11/11
  7836 | D:9      | Noticed a red ugly thing
  7873 | D:9      | Killed a red ugly thing
  7987 | D:9      | Found Feushig's Demolitions Depot.
  8032 | D:9      | Noticed a two-headed ogre
  8644 | D:10     | Entered Level 10 of the Dungeon
  8724 | D:10     | Reached skill level 11 in Unarmed Combat
  8890 | D:10     | Noticed a two-headed ogre
  8965 | D:10     | Found a transporter.
  8965 | D:10     | Found a transporter.
  8965 | D:10     | Noticed MisterT's ghost (journeyman DDFi)
  9085 | D:10     | Noticed a two-headed ogre
  9086 | D:10     | Noticed a two-headed ogre
  9128 | D:10     | Noticed Urug
  9138 | D:10     | Killed Urug
  9273 | D:10     | Found Dynigh's Book Shop.
  9728 | D:11     | Noticed Gastronok
  9741 | D:11     | Killed Gastronok
  9741 | D:11     | Reached XP level 11. HP: 92/92 MP: 12/12
  9903 | D:11     | Reached skill level 1 in Air Magic
  9992 | D:11     | Reached skill level 1 in Charms
 10114 | D:11     | Noticed a purple ugly thing
 10126 | D:11     | Killed a purple ugly thing
 10253 | D:11     | Reached skill level 12 in Unarmed Combat
 10711 | D:5      | Killed brucemayne's ghost
 10825 | Lair:1   | Entered Level 1 of the Lair of Beasts
 11572 | D:10     | Killed a two-headed ogre
 11835 | D:12     | Noticed a two-headed ogre
 11846 | D:12     | Killed a two-headed ogre
 12289 | D:12     | Found a staircase to the Orcish Mines.
 12760 | D:12     | You fall into a shaft and drop 1 floor!
 12796 | D:13     | Noticed an orb spider
 12796 | D:13     | a human changed into an orb spider
 12797 | D:13     | an orb spider changed into a sky beast
 12861 | D:13     | Noticed a white ugly thing
 13115 | D:12     | Noticed a skeletal warrior
 13115 | D:12     | Noticed a skeletal warrior
 13125 | D:12     | Noticed a skeletal warrior
 13129 | D:12     | Killed a skeletal warrior
 13129 | D:12     | Reached XP level 12. HP: 107/107 MP: 13/13
 13313 | D:12     | Reached skill level 5 in Fighting
 13313 | D:12     | Reached skill level 5 in Dodging
 13404 | D:12     | Reached ****** piety under Makhleb
 13472 | Orc:1    | Entered Level 1 of the Orcish Mines
 14443 | Lair:1   | Noticed a fire dragon
 14466 | Lair:1   | Killed a fire dragon
 16238 | Lair:3   | Found a runed translucent door.
 16247 | Lair:3   | Noticed Rausur's ghost (journeyman MiBe)
 16251 | Lair:3   | Identified the +6 trident of the Fray {freeze, Int+2 Dex+3}
 16262 | Lair:3   | Noticed Sonja
 16292 | Lair:3   | HP: 4/114 [disintegration (5)]
 16295 | Lair:3   | Killed Sonja
 16536 | Lair:3   | Reached skill level 1 in Throwing
 17145 | Lair:3   | Found a staircase to the Swamp.
 17334 | Lair:3   | Noticed a four-headed hydra
 18076 | Orc:1    | Found a runed translucent door.
 18099 | Orc:1    | Reached XP level 13. HP: 108/120 MP: 15/15
 18195 | Orc:1    | Reached skill level 5 in Air Magic
 18416 | Orc:2    | Entered Level 2 of the Orcish Mines
 18420 | Orc:2    | Reached skill level 5 in Charms
 18425 | Orc:2    | Found a roughly hewn altar of Beogh.
 19416 | Lair:4   | Found a gate leading to a gauntlet.
 19588 | Gauntlet | Entered a Gauntlet
 19588 | Gauntlet | Found a transporter.
 19588 | Gauntlet | Found a transporter.
 19593 | Gauntlet | Found a transporter.
 19608 | Gauntlet | Found a transporter.
 19610 | Gauntlet | Found a large runed translucent door.
 19611 | Gauntlet | Found a large runed translucent door.
 19612 | Gauntlet | Found a large runed translucent door.
 19612 | Gauntlet | Found a large runed translucent door.
 19622 | Gauntlet | Found a transporter.
 19635 | Gauntlet | Found a transporter.
 19654 | Gauntlet | Found a transporter.
 19668 | Gauntlet | Found a large runed translucent door.
 19719 | Gauntlet | Noticed a death ooze
 19720 | Gauntlet | Found a transporter.
 19735 | Gauntlet | Found a transporter.
 19751 | Gauntlet | Found a transporter.
 19767 | Gauntlet | Found a transporter.
 19857 | Gauntlet | Killed a death ooze
 19860 | Gauntlet | Found a transporter.
 19874 | Gauntlet | Got slimy fire dragon scales
 19885 | Gauntlet | Identified the +1 fire dragon scales of Modesty {+Fly rF++
                  | rC- Stlth+} (You found it in a Gauntlet)
 19927 | Gauntlet | Reached skill level 5 in Invocations
 19965 | Gauntlet | Found a transporter.
 20034 | Gauntlet | Found a transporter.
 20085 | Gauntlet | Noticed a minotaur
 20104 | Gauntlet | Killed a minotaur
 20440 | Lair:4   | Found a hole to the Spider Nest.
 20598 | Lair:4   | Noticed Rupert
 20665 | Lair:4   | Demolished by Rupert

Levels and vault maps discovered:
D:1:      minmay_arrival_wavy_path, layout_loops_ring, minmay_gold_behind_fungi,
          minmay_octomino_j4
D:2:      minmay_alternating_diamond, layout_loops_ring,
          evilmike_ruin_ashenzari, nemelex_spade_bored_becter
D:3:      layout_rooms, bloody_makhleb, uniq_ijyb, uniq_natasha
D:4:      minmay_recursive_quarters, layout_loops_ring,
          grunt_temple_overflow_growth_and_decay, lemuel_doored_altar,
          bloody_trog, first_ration, minivault_1,
          nicolae_ru_sacrificial_ziggurat
D:5:      layout_basic, nicolae_dithmenos_the_darkroom, ebering_ghost_gozag,
          serial_shops, kennysheep_mini_moat
D:6:      layout_basic, minmay_temple_entry_junction, grunt_ministairs_15
D:7:      layout_cave_pods, lemuel_crystal_altar, serial_shops,
          nicolae_shop_behind_doors, shop, shop, nicolae_shop_stone, shop
D:8:      layout_basic, kennysheep_little_box,
          lemuel_mausoleum_altar_yredelemnul, xom_redecorated
D:9:      layout_cave_pods, tso_metal_star, lair_entry_dummy, grunt_pizzeria,
          nicolae_blasting_shop
D:10:     layout_small_grid, gammafunk_ghost_smash, serial_shops, shop,
          uniq_urug
D:11:     layout_basic, hangedman_decor_opposing, uniq_gastronok
D:12:     layout_irregular_city, orc_0_dummy
D:13:     lemuel_troll_bridge, layout_basic, david_vaults_4, basic_altar,
          gammafunk_ghost_cemetery, item_on_display_a
Lair:1:   dragon1_lemuel, layout_chaotic_city
Lair:2:   layout_cave_pods, lemuel_fruit_fields, infiniplex_staircase_pool_2
Lair:3:   layout_cave_pods, skrybe_swamp_entry_bodies,
          ebering_ghost_funeral_grove, uniq_sonja
Lair:4:   layout_roguey, nicolae_spider_entry_tight_spaces,
          gammafunk_ghost_hydra_chop, gauntlet_entry_generic, uniq_nessos,
          uniq_rupert
Orc:1:    layout_diamond_mine, lightli_church_of_beogh
Orc:2:    st_orc_elflike, layout_caves, basic_altar, gammafunk_ghost_split

Skill      XL: |  1  2  3  4  5  6  7  8  9 10 11 12 13 |
---------------+----------------------------------------+-----
Unarmed Combat | 4 5 6 7 8 10 11 12 | 12.0
Armour         | 1 2 3 4 |  4.4
Invocations    | 2 3 4 5 |  5.4
Shields        | 6 9 |  9.1
Air Magic      | 3 4 5 |  5.5
Charms         | 3 4 5 |  5.5
Fighting       | 4 6 |  6.1
Dodging        | 4 6 |  6.0
Throwing       | 2 |  2.1
Stealth        | |  1.0

Action                   |  1- 3 |  4- 6 |  7- 9 | 10-12 | 13-15 || total
-------------------------+-------+-------+-------+-------+-------++-------
Melee: Unarmed           |   105 |   122 |   403 |   841 |   192 ||  1663
       Punch             |     3 |     3 |    19 |     2 |       ||    27
Throw: Dart              |       |       |       |    15 |       ||    15
       Boomerang         |       |       |       |     7 |     8 ||    15
 Cast: Swiftness         |       |       |       |     4 |     4 ||     8
Invok: Minor Destruction |       |       |     3 |    19 |     8 ||    30
       Lesser Servant of |       |       |       |     8 |    13 ||    21
 Abil: Evoke Flight      |       |       |       |     2 |       ||     2
  Use: Scroll            |       |     4 |     5 |     6 |     3 ||    18
       Potion            |       |       |     1 |     4 |     2 ||     7
 Stab: Sleeping          |     5 |     2 |       |       |       ||     7
       Distracted        |       |     1 |       |       |       ||     1
  Eat: Chunk             |    16 |    13 |    44 |    93 |    14 ||   180
       Ration            |       |       |       |     3 |       ||     3
Armor: Robe              |    35 |    29 |    82 |   147 |    47 ||   340
       Fire dragon scale |       |       |       |       |    59 ||    59
Dodge: Dodged            |    55 |    40 |   169 |   253 |   132 ||   649
Block: Shield            |       |       |       |   332 |   150 ||   482
